[Event "CZE-ch U10 Open 2023"]
[Site "Teplice"]
[Date "2023.03.15"]
[Round "6.3"]
[White "Moravec, Rene"]
[Black "Kolar, Edvard"]
[Result "0-1"]
[ECO "C01"]
[WhiteElo "1216"]
[BlackElo "1518"]
[Annotator "NA RC COMBH"]
[PlyCount "53"]
[EventDate "2023.03.09"]
[EventType "swiss"]
[EventCountry "CZE"]
[SourceTitle "playchess.com"]
[Source "ChessBase"]
[SourceQuality "1"]
[TimeControl "40/5400+30:1800+30"]

1. e4 e6 2. d4 d5 3. exd5 exd5 4. Nf3 Nf6 5. Bg5 Be7 6. Bd3 Be6 7. Nbd2 Nbd7 8. c3 c6 9. Qc2 Qb6 10. O-O O-O-O 11. a4 h6 12. Bxf6 Bxf6 13. a5 Qc7 14. b4 Qd6 15. Rab1 g5 16. b5 c5 17. b6 a6 18. c4 Kb8 19. Rfc1 Rc8 20. Nb3 cxd4 21. Nbxd4 Bxd4 22. Nxd4 dxc4 23. Nxe6 cxd3 24. Qd2 fxe6 25. g3 Ne5 26. Rxc8+ Rxc8 27. f4 0-1

[Event "CZE-ch U10 Open 2023"]
[Site "Teplice"]
[Date "2023.03.15"]
[Round "6.4"]
[White "Skoloud, Josef"]
[Black "Trejbal, Jindrich"]
[Result "1/2-1/2"]
[ECO "C35"]
[WhiteElo "1090"]
[BlackElo "1937"]
[Annotator "TA"]
[PlyCount "99"]
[EventDate "2023.03.09"]
[EventType "swiss"]
[EventCountry "CZE"]
[SourceTitle "playchess.com"]
[Source "ChessBase"]
[SourceQuality "1"]
[TimeControl "40/5400+30:1800+30"]

1. e4 e5 2. f4 exf4 3. Nf3 Be7 4. g3 fxg3 5. hxg3 Nf6 {[%emt 0:01:02] [#]} 6. e5 $146 {[%emt 0:00:56] C35: King's Gambit Accepted: 3 Nf3 Be7.} (6. Nc3 $17) ({Predecessor:} 6. Nc3 Bb4 7. Bc4 O-O 8. Qe2 Bxc3 9. dxc3 d5 10. e5 dxc4 11. exf6 Qxf6 12. Ng5 Nc6 13. Rxh7 Bf5 14. Qh5 Rfe8+ 15. Kd1 Bg4+ 16. Qxg4 Qf1+ 17. Kd2 Rad8+ {0-1 Tiele,E-Betlem,H Hengelo U14 op 1996 (5)}) 6... Ne4 $19 7. Rg1 d5 8. d3 {[%emt 0:00:52] Black is clearly better.} Ng5 9. d4 (9. Nxg5 $17 {might work better.} Bxg5 10. Rh1) 9... Ne4 10. Bd3 Bg4 11. Bf4 (11. Nbd2 $17) 11... Nc6 12. c3 Qd7 13. Rf1 (13. Nbd2 $17 {is a better defense.}) 13... g5 14. Be3 Nxg3 15. Rf2 (15. Rg1 {only move.} Nf5 16. Bf2) 15... h5 16. Qd2 Bxf3 17. Rxf3 Ne4 18. Qc2 Qg4 19. Be2 (19. Bxe4 $142 dxe4 20. Rf1) 19... Qg2 {[%emt 0:05:28] ...g4 would be deadly.} 20. Rxf7 $2 (20. Nd2) 20... Qh1+ $2 (20... g4 $19 {is more deadly.} 21. Rxe7+ Kxe7) 21. Rf1 $17 Qh4+ 22. Kd1 O-O-O {[%emt 0:07:42] ...Ng3 is the strong threat.} 23. Nd2 {[%emt 0:02:34] [#]} Ng3 {[%emt 0:04:02] Excellent horsemanship.} 24. Nf3 $2 (24. Rg1) 24... Nxf1 $19 25. Bxf1 Qg4 26. Be2 Qh3 27. Kd2 Rhf8 $2 ({Wrong is} 27... g4 $2 28. Ng5 Bxg5 29. Bxg5 $19) (27... Rdg8 $19 {has better winning chances. Strongly threatening ...Qd7.} 28. Ng1 Qg2) 28. Nxg5 $17 Qf5 (28... Bxg5 $15 29. Bxg5 Rde8) 29. Qxf5+ Rxf5 30. Ne6 Rg8 31. Rh1 Kd7 (31... Nd8 $15 {deserves consideration.} 32. Nf4 c6) 32. Nf4 $11 Nd8 {[%emt 0:02:31] [#]} (32... Bg5 $11 33. Nxh5 (33. Nxd5 Ne7 $11) 33... Bxe3+ 34. Kxe3 Nxe5 35. dxe5 Rxe5+ 36. Kd3 Rf5) 33. Bxh5 {[%emt 0:02:54] White is more active.} (33. Bf1 $1 $16 {[%cal Rf1h3] Threatens to win with Bh3.} Kc6 34. Bd3 (34. Nxh5 Ne6 $11) 34... Rxf4 35. Bxf4) 33... Rh8 $2 (33... c6 $1 $15 {stays ahead.}) 34. Bg4 $16 {[%emt 0:02:25][%mdl 64] Discovered Attack} Rxh1 35. Bxf5+ Kc6 36. Kc2 ({White should play} 36. Ng6 Rh7 37. c4 dxc4 38. d5+ {[%mdl 64] Discovered Attack} Kb5 39. Nxe7 Rxe7 40. e6 (40. Bxa7 $2 {loses.} Rxe5 41. Bg4 Rxd5+ 42. Kc1 Nc6 $19)) 36... Bg5 {[%emt 0:00:54] Hoping for ...Bxf4.} 37. Bg6 (37. Nxd5 $1 $14 {keeps the upper hand.} Kxd5 38. Bxg5) 37... Bxf4 $17 38. Bxf4 {[%emt 0:00:33][%mdl 4096] Endgame KRN-KB} Kd7 {[%emt 0:00:31] Prevents Be8+.} 39. Bf5+ Ne6 40. Bg5 (40. Bd2 $17) 40... Rh5 $19 41. Bxe6+ Kxe6 {[%emt 0:30:07] KR-KB} 42. Bf6 Rh6 43. Kb3 (43. b4 $17) 43... Kd7 44. Ka3 Rh2 ({Black should try} 44... Rh3 $19 45. Bg5 b6) 45. Kb3 (45. b4 $17) 45... b5 46. Bg7 a5 47. Bf8 {[%emt 0:00:23] Black is better.} a4+ 48. Ka3 Ke6 49. Bc5 Rc2 50. Bb4 {Weighted Error Value: White=0.52/Black=0.58} 1/2-1/2

[Event "CZE-ch U10 Open 2023"]
[Site "Teplice"]
[Date "2023.03.15"]
[Round "6.5"]
[White "Vo, Daniel"]
[Black "Velim, Vojtech"]
[Result "0-1"]
[ECO "B18"]
[WhiteElo "1440"]
[BlackElo "1369"]
[Annotator "NA RC COMBH"]
[PlyCount "50"]
[EventDate "2023.03.09"]
[EventType "swiss"]
[EventCountry "CZE"]
[SourceTitle "playchess.com"]
[Source "ChessBase"]
[SourceQuality "1"]
[TimeControl "40/5400+30:1800+30"]

1. e4 c6 2. d4 d5 3. Nc3 dxe4 4. Nxe4 Bf5 5. Ng3 Bg6 6. Nf3 Nf6 7. h4 Nh5 8. Nxh5 Bxh5 9. Be3 e6 10. Bc4 Bd6 11. O-O Qc7 12. Re1 O-O 13. c3 Rd8 14. Qe2 h6 15. Rad1 Qe7 16. g3 Nd7 17. Bb3 Qf6 18. Kg2 e5 19. Bc2 Qe7 20. Bc1 Rf8 21. Qe3 Rae8 22. Rd2 e4 23. Bxe4 f5 24. Bc2 Bxf3+ 25. Kxf3 Qd8 0-1

[Event "CZE-ch U10 Open 2023"]
[Site "Teplice"]
[Date "2023.03.15"]
[Round "6.6"]
[White "Gernert, Tomas"]
[Black "Koutecky, Vaclav"]
[Result "1-0"]
[ECO "A22"]
[WhiteElo "1362"]
[BlackElo "2060"]
[Annotator "TA"]
[PlyCount "65"]
[EventDate "2023.03.09"]
[EventType "swiss"]
[EventCountry "CZE"]
[SourceTitle "playchess.com"]
[Source "ChessBase"]
[SourceQuality "1"]
[TimeControl "40/5400+30:1800+30"]

1. c4 e5 2. Nc3 Nf6 3. g3 Nc6 4. Bg2 Bc5 5. e4 d6 6. Nge2 {[%emt 0:02:24] [#] A25: English Opening vs King's Indian with ...Nc6 but without early d3.} (6. h3 $11) 6... Bg4 ({Black should try} 6... Ng4 $1 $17 7. O-O h5) 7. h3 $11 Be6 8. d3 {[%emt 0:00:07] The position is equal.} h6 9. O-O Qd7 10. Nd5 {[%emt 0:01:05] [#]} Bxh3 $146 {[%emt 0:03:30] ...Bg4 would be deadly.} ({Predecessor:} 10... O-O-O 11. a3 Bxh3 12. b4 Bxg2 13. Kxg2 Bd4 14. Nxd4 Nxd4 15. Be3 c6 16. Nc3 g5 {½-½ Brockmeyer,S-Bildat,E (981) Niedersachsen-ch op-C 2016 (4)}) 11. Nxc7+ $1 {[%emt 0:02:21][%mdl 64] [#] Double Attack} Ke7 (11... Qxc7 $11 {keeps the balance.} 12. Bxh3 O-O) 12. Nxa8 $16 Rxa8 13. Be3 Bb6 (13... Bg4 $16 14. Qd2 Bxe2 15. Qxe2 Nd4) 14. Rc1 (14. Bxb6 $18 axb6 15. f3) 14... Rg8 (14... Bg4 $16 {might work better.}) 15. d4 g5 (15... Bxg2 $142 16. Kxg2 Nxe4 17. dxe5 dxe5) 16. c5 $18 Bc7 (16... Bxg2 {is a better defense.} 17. Kxg2 dxc5) 17. d5 Nb8 18. Qc2 Na6 19. c6 bxc6 20. Qxc6 Bxg2 21. Kxg2 Qc8 (21... Nc5 22. Qxd7+ Kxd7 23. Bxc5 dxc5) 22. b4 {[%emt 0:00:34][%mdl 64] Deflection. White is clearly winning.} Nxb4 23. Qxc7+ Qxc7 24. Rxc7+ Nd7 25. Bd2 Na6 26. Rxa7 Nac5 27. f3 g4 28. Bxh6 gxf3+ 29. Kxf3 Rg6 30. Be3 Rf6+ 31. Kg2 {[%emt 0:00:22] Bg5 is the strong threat.} Rg6 {[%emt 0:01:03] Prevents Bg5+} 32. Bxc5 dxc5 33. a4 {[%emt 0:01:29] Black got outplayed after the opening.   Weighted Error Value: White=0.30/Black=0.59} 1-0

[Event "CZE-ch U10 Open 2023"]
[Site "Teplice"]
[Date "2023.03.15"]
[Round "6.10"]
[White "Fadrny, Jonas"]
[Black "Bucek, Vit"]
[Result "1/2-1/2"]
[ECO "C55"]
[WhiteElo "1247"]
[BlackElo "1198"]
[Annotator "NA RC COMBH"]
[PlyCount "72"]
[EventDate "2023.03.09"]
[EventType "swiss"]
[EventCountry "CZE"]
[SourceTitle "playchess.com"]
[Source "ChessBase"]
[SourceQuality "1"]
[TimeControl "40/5400+30:1800+30"]

1. e4 e5 2. Bc4 Nc6 3. Nf3 Nf6 4. d3 Be7 5. O-O O-O 6. Nc3 d6 7. Be3 h6 8. Qd2 Nh7 9. d4 exd4 10. Nxd4 Kh8 11. Nxc6 bxc6 12. Bd3 f5 13. exf5 Bxf5 14. Bxf5 Rxf5 15. Qd3 Rf8 16. Rfe1 Bg5 17. Ne4 d5 18. Nxg5 Nxg5 19. Bxg5 Qxg5 20. Qe3 Qg6 21. Qd3 Qf6 22. c3 Qxf2+ 23. Kh1 Qxb2 24. Reb1 Qf2 25. Rf1 Qh4 26. Rxf8+ Rxf8 27. Qa6 Qf2 28. h3 Qb2 29. Rf1 Rxf1+ 30. Qxf1 Kg8 31. Qf5 Qxc3 32. Qc8+ Kh7 33. Qf5+ Kg8 34. Qc8+ Kf7 35. Qxc7+ Kg6 36. Qxa7 Qa1+ 1/2-1/2

[Event "CZE-ch U10 Open 2023"]
[Site "Teplice"]
[Date "2023.03.15"]
[Round "6.12"]
[White "Vorlik, Jachym"]
[Black "Broz, Pavel"]
[Result "1-0"]
[ECO "A40"]
[WhiteElo "1204"]
[BlackElo "1870"]
[Annotator "NA RC COMBH"]
[PlyCount "57"]
[EventDate "2023.03.09"]
[EventType "swiss"]
[EventCountry "CZE"]
[SourceTitle "playchess.com"]
[Source "ChessBase"]
[SourceQuality "1"]
[TimeControl "40/5400+30:1800+30"]

1. d4 e6 2. Bf4 d5 3. e3 Ne7 4. Nf3 Nbc6 5. Bd3 g6 6. O-O Bg7 7. c3 f6 8. e4 dxe4 9. Bxe4 Bd7 10. h4 f5 11. Bd3 Nd5 12. Bg5 Nce7 13. Bc4 O-O (13... h6 14. Bxe7 Qxe7 15. Bxd5 exd5 16. Re1 $16) (13... c6 $142) 14. Bxd5 exd5 15. Re1 Bf6 16. Qe2 Bxg5 17. Nxg5 Re8 (17... Nc8 $142) 18. Nd2 ({White should try} 18. Qe5 h6 19. Nf3) 18... f4 19. Ne6 Qc8 (19... Bxe6 {is a better defense.} 20. Qxe6+ Kg7) 20. Nxf4 Nf5 21. Qf3 c6 22. Rxe8+ (22. h5 $18) 22... Qxe8 23. g3 Nh6 (23... Qe7 $16 24. h5 g5) 24. Nd3 Bg4 25. Qf4 Qe2 26. Re1 Qxd3 27. Qxh6 Rf8 28. Re7 g5 29. Qg7# 1-0

[Event "CZE-ch U10 Open 2023"]
[Site "Teplice"]
[Date "2023.03.16"]
[Round "7.1"]
[White "Kozusnik, Jan"]
[Black "Filindash, Nikita"]
[Result "0-1"]
[ECO "C11"]
[WhiteElo "1286"]
[BlackElo "2021"]
[Annotator "TA"]
[PlyCount "30"]
[EventDate "2023.03.09"]
[EventType "swiss"]
[EventCountry "CZE"]
[SourceTitle "playchess.com"]
[Source "ChessBase"]
[SourceQuality "1"]
[TimeControl "40/5400+30:1800+30"]

1. e4 e6 2. d4 d5 3. Nc3 Nf6 4. Bg5 dxe4 5. Bxf6 gxf6 6. Nxe4 f5 7. Nc3 {[%emt 0:00:39] C13: French: Classical System: 4 Bg5 Be7, Alekhine-Chatard Attack.} Bg7 8. Nge2 c6 {[%emt 0:04:02] [#]} (8... Nc6 $15) 9. Qd2 $146 {[%emt 0:02:02] The position is equal.} ({Predecessor:} 9. g3 O-O 10. Qd2 Nd7 11. O-O-O Nb6 12. Bg2 Nd5 13. h3 Qf6 14. f4 Rd8 15. g4 Nxc3 16. Qxc3 {1-0 Becker,A-Mueller,H Wien Trebitsch Memorial-15 1931 (11)}) 9... Nd7 10. f4 (10. O-O-O $11) 10... Nb6 (10... b5 $15) 11. O-O-O Qd6 {[%emt 0:04:40] Threatens to win with ...Nc4.} 12. g3 {[%emt 0:02:32] [#]} (12. Ng1 $11 {remains equal.}) 12... Nc4 $1 $17 13. Qd3 Qb4 14. Re1 $2 (14. Na4) 14... Qxb2+ 15. Kd1 Qa1+ {[%emt 0:00:08] Weighted Error Value: White=0.77/Black=0.41} 0-1

[Event "CZE-ch U10 Open 2023"]
[Site "Teplice"]
[Date "2023.03.16"]
[Round "7.2"]
[White "Kolar, Edvard"]
[Black "Velim, Vojtech"]
[Result "1-0"]
[ECO "A45"]
[WhiteElo "1518"]
[BlackElo "1369"]
[Annotator "NA RC COMBH"]
[PlyCount "41"]
[EventDate "2023.03.09"]
[EventType "swiss"]
[EventCountry "CZE"]
[SourceTitle "playchess.com"]
[Source "ChessBase"]
[SourceQuality "1"]
[TimeControl "40/5400+30:1800+30"]

1. d4 Nf6 2. e3 e6 3. f4 c5 4. Nf3 Nc6 5. Bd3 d5 6. c3 c4 7. Bc2 b5 8. Ne5 Nxe5 9. fxe5 Ne4 10. O-O Bb7 11. Qf3 Qc7 12. Nd2 Nxd2 13. Bxd2 a5 14. Rf2 Bc6 15. Raf1 Ra7 16. Qg4 h5 17. Qg3 Qb6 18. Rxf7 Rxf7 19. Bg6 Kd8 20. Bxf7 Bd7 21. Qg5+ 1-0

[Event "CZE-ch U10 Open 2023"]
[Site "Teplice"]
[Date "2023.03.16"]
[Round "7.3"]
[White "Lutskiy, Mikhail"]
[Black "Kroulik, Stepan"]
[Result "1-0"]
[ECO "B30"]
[WhiteElo "1150"]
[BlackElo "1228"]
[Annotator "NA RC COMBH"]
[PlyCount "65"]
[EventDate "2023.03.09"]
[EventType "swiss"]
[EventCountry "CZE"]
[SourceTitle "playchess.com"]
[Source "ChessBase"]
[SourceQuality "1"]
[TimeControl "40/5400+30:1800+30"]

1. e4 c5 2. Nf3 Nc6 3. Bb5 d6 4. Bxc6+ bxc6 5. O-O Bg4 6. h3 Bh5 7. d3 e5 8. Be3 Rb8 9. b3 Nf6 10. Nbd2 Be7 11. Qc1 O-O 12. Nh2 h6 13. f4 exf4 14. Bxf4 Qd7 15. e5 Nd5 16. Bg3 Bg5 17. Nhf3 Be3+ 18. Kh1 Rbe8 19. exd6 Nc3 20. Qb2 Ne2 21. Bh2 Bxf3 22. Nxf3 f6 23. Rad1 Bd4 24. Nxd4 cxd4 25. Rde1 Nc3 26. Qa3 Rxe1 27. Rxe1 Re8 28. Re7 Rxe7 29. dxe7 Nb5 30. Qc5 Qe6 31. Qc4 Qf7 32. e8=Q+ Kh7 33. Qcxf7 1-0

[Event "CZE-ch U10 Open 2023"]
[Site "Teplice"]
[Date "2023.03.16"]
[Round "7.4"]
[White "Gernert, Tomas"]
[Black "Skoloud, Josef"]
[Result "0-1"]
[ECO "D02"]
[WhiteElo "1362"]
[BlackElo "1090"]
[Annotator "NA RC COMBH"]
[PlyCount "52"]
[EventDate "2023.03.09"]
[EventType "swiss"]
[EventCountry "CZE"]
[SourceTitle "playchess.com"]
[Source "ChessBase"]
[SourceQuality "1"]
[TimeControl "40/5400+30:1800+30"]

1. d4 d5 2. Nf3 c5 3. c3 Nc6 4. e3 Bg4 5. Bd3 e6 6. O-O Nf6 7. h3 Bh5 8. g4 Bg6 9. Ne5 Qc7 10. f4 Bxd3 11. Qxd3 Bd6 12. Nd2 h6 13. c4 g6 14. b3 O-O-O 15. g5 hxg5 16. fxg5 Bxe5 17. dxe5 Qxe5 18. Rb1 Qg3+ 19. Kh1 Qe5 20. Qe2 Rxh3+ 21. Kg1 Qg3+ 22. Qg2 Qxe3+ 23. Rf2 Qe1+ 24. Qf1 Qe3 25. Qg2 Rg3 26. Kh2 Rh8+ 0-1

[Event "CZE-ch U10 Open 2023"]
[Site "Teplice"]
[Date "2023.03.16"]
[Round "7.6"]
[White "Fadrny, Jachym"]
[Black "Kupka, Frantisek"]
[Result "1-0"]
[ECO "D09"]
[WhiteElo "1279"]
[BlackElo "1988"]
[Annotator "TA"]
[PlyCount "71"]
[EventDate "2023.03.09"]
[EventType "swiss"]
[EventCountry "CZE"]
[SourceTitle "playchess.com"]
[Source "ChessBase"]
[SourceQuality "1"]
[TimeControl "40/5400+30:1800+30"]

1. d4 d5 2. c4 e5 3. dxe5 d4 4. Nf3 Nc6 5. g3 Be6 6. b3 Qd7 7. Bg2 O-O-O {[%emt 0:01:24] [#]} 8. Ng5 $146 {[%emt 0:03:06] D09: Albin Counter Gambit: Main line with 5 g3.} (8. O-O $1 $14) ({Predecessor:} 8. O-O Bh3 9. Bb2 Bxg2 10. Kxg2 Nge7 11. Na3 Nf5 12. Nc2 Bc5 13. a3 g5 14. b4 g4 15. Nfe1 Bf8 16. e4 Ng7 {½-½ Genand,T (1908)-Bellay,P (1815) Angers op 15th 2022 (2)}) 8... Nxe5 9. Nxe6 fxe6 10. Bb2 {[%emt 0:03:13] White has an edge.} Bc5 ({Better is} 10... h5 $11) 11. a3 Bb6 (11... h5 $14 {is more appropriate.}) 12. O-O (12. Nd2 $16) 12... Ne7 (12... h5 $11) 13. Qc2 ({White should try} 13. Nd2 $16) 13... a6 $2 {[%emt 0:04:31] [#] Black cannot hold the game after this.} (13... d3 $1 $11 {and Black is okay.} 14. Qd1 dxe2 15. Qxe2 Nd3) 14. c5 $40 {[%emt 0:03:32][%mdl 128] White goes for the king.} Ba7 15. Rd1 N5c6 16. b4 b5 $2 (16... h5 {might work better.} 17. Nd2 h4) 17. Bh3 Qd5 18. e4 (18. Nd2 $18) 18... d3 (18... Qh5 $16 19. Bxe6+ Kb7) 19. Qd2 ({Weaker is} 19. Qa4 Qh5 20. Qxa6+ Kb8 $16) 19... Qxe4 {[%emt 0:03:03] [#]} (19... Qh5) 20. Re1 $18 ({Don't play} 20. Bxg7 Ne5 21. Bg2 (21. Bxe6+ Kb7 $18) 21... Qd4 22. Bxh8 Rxh8 $18) 20... Nd4 $2 (20... Qf3 21. Rxe6 Kb8) 21. Rxe4 Nf3+ 22. Kf1 Nxd2+ 23. Nxd2 Nf5 24. Rxe6 Rhf8 25. Bxg7 Rf7 26. Bf6 Rd5 27. Re8+ Kd7 28. Rd8+ Ke6 29. Re1+ Kxf6 30. Rxd5 Kg6 31. Re6+ Kg5 32. f4+ {[%emt 0:00:48] White mates.} Kh5 33. g4+ Kh4 34. Rxf5 Rxf5 35. gxf5 Kxh3 36. f6 {[%emt 0:00:08] Weighted Error Value: White=0.53/Black=0.72} 1-0

[Event "CZE-ch U10 Open 2023"]
[Site "Teplice"]
[Date "2023.03.16"]
[Round "7.8"]
[White "Koutecky, Vaclav"]
[Black "Vo, Daniel"]
[Result "0-1"]
[ECO "B50"]
[WhiteElo "2060"]
[BlackElo "1440"]
[Annotator "TA"]
[PlyCount "78"]
[EventDate "2023.03.09"]
[EventType "swiss"]
[EventCountry "CZE"]
[SourceTitle "playchess.com"]
[Source "ChessBase"]
[SourceQuality "1"]
[TimeControl "40/5400+30:1800+30"]

1. e4 c5 2. Nf3 d6 3. c3 Nf6 4. Be2 g6 5. O-O Bg7 6. Qc2 O-O {[%emt 0:00:19] B50: Sicilian: 2...d6, Miscellaneous.} 7. d4 cxd4 8. cxd4 Bd7 {[%emt 0:00:26] The position is equal.} 9. Bf4 {[%emt 0:01:59] [#]} Na6 $146 ({Predecessor:} 9... Nc6 10. Nc3 Rc8 11. Qd2 a6 12. Rfd1 b5 13. e5 Ne8 14. h3 Na5 15. Rac1 Bc6 {½-½ Velavaa,R (1458)-Shaurya,D (1448) OMA-chT Clubs 2022 (7.1)}) 10. Nc3 Rc8 11. Qd3 Nb4 12. Qd2 Re8 13. a3 Nc6 14. Rac1 Na5 15. Qd1 {[%emt 0:03:37] Against Nb3} Qb6 {[%emt 0:01:12] [#]} (15... Bg4 $11 {remains equal.}) 16. b4 $1 $16 Nc4 17. Na4 (17. Qb3 $16 Na5 18. Qb1 (18. bxa5 $2 {loses.} Qxb3 19. Bd2 e5 $19)) 17... Qa6 $15 {[%emt 0:02:38] Black is more active.} 18. Nb2 {[%emt 0:02:03][%mdl 8192] White does not recover from this.} (18. Rxc4 $15 Rxc4 19. Nb2 {[%mdl 64] Pin}) 18... Nxb2 $19 19. Qd2 Qxa3 20. Ra1 Qc3 21. Qxc3 Rxc3 22. Rxa7 Rc7 23. Ba6 Rec8 {[%emt 0:01:15] Black is clearly winning.} 24. Rxb7 Rxb7 25. Bxb7 Rb8 26. Bd5 Nxd5 27. exd5 Nd3 28. Bd2 Bg4 29. Rb1 Bxf3 30. gxf3 Bxd4 31. b5 Bxf2+ 32. Kf1 Bb6 33. Bh6 f6 {[%emt 0:00:36] [#] ...g5 is the strong threat.} 34. Ra1 Bc5 {[%emt 0:00:35][%cal Og6g5] And now ...g5! would win.} 35. Kg2 g5 {[%emt 0:00:26] White must now prevent ...Kf7.} (35... Rxb5 $2 {gets mated.} 36. Ra8+) 36. h4 Be3 37. Ra3 Nf4+ 38. Kf1 Bc5 39. hxg5 Bxa3 {[%emt 0:00:11] Weighted Error Value: White=0.59/Black=0.16 (very precise)} 0-1

[Event "CZE-ch U10 Open 2023"]
[Site "Teplice"]
[Date "2023.03.16"]
[Round "7.10"]
[White "Zelenka, Tomas"]
[Black "Fadrny, Jonas"]
[Result "1-0"]
[ECO "C10"]
[WhiteElo "1272"]
[BlackElo "1247"]
[Annotator "NA RC COMBH"]
[PlyCount "53"]
[EventDate "2023.03.09"]
[EventType "swiss"]
[EventCountry "CZE"]
[SourceTitle "playchess.com"]
[Source "ChessBase"]
[SourceQuality "1"]
[TimeControl "40/5400+30:1800+30"]

1. e4 e6 2. d4 d5 3. Nd2 dxe4 4. Nxe4 Nd7 5. Nf3 h6 6. Bd3 Ngf6 7. Nxf6+ Nxf6 8. O-O Bd6 9. Re1 O-O 10. b3 b6 11. Bb2 Bb7 12. Qd2 Bxf3 13. gxf3 Nh5 14. Re4 Re8 15. Rg4 f5 16. Qxh6 Re7 17. d5 fxg4 18. Qh7+ Kf8 19. Qh8+ Kf7 20. Qxh5+ Kg8 21. Qh7+ Kf8 22. Bb5 Bxh2+ 23. Kf1 e5 24. Qxh2 Kg8 25. Bc4 Qd6 26. Ba3 c5 27. dxc6+ 1-0

[Event "CZE-ch U10 Open 2023"]
[Site "Teplice"]
[Date "2023.03.17"]
[Round "8.1"]
[White "Filindash, Nikita"]
[Black "Lutskiy, Mikhail"]
[Result "1-0"]
[ECO "D10"]
[WhiteElo "2021"]
[BlackElo "1150"]
[Annotator "TA"]
[PlyCount "107"]
[EventDate "2023.03.09"]
[EventType "swiss"]
[EventCountry "CZE"]
[SourceTitle "playchess.com"]
[Source "ChessBase"]
[SourceQuality "1"]
[TimeControl "40/5400+30:1800+30"]

1. d4 d5 2. c4 c6 3. cxd5 cxd5 4. Bf4 Nc6 5. e3 Nf6 6. Nc3 a6 7. Bd3 Bg4 8. f3 Bh5 9. Nge2 e6 {[%emt 0:01:45] D10: Slav Defence: 3 cxd5 (without early Nf3) and 3 Nc3.} 10. Rc1 Rc8 {[%emt 0:02:43] [#]} 11. Bb1 $146 ({Predecessor:} 11. O-O Be7 12. Bg3 Bg6 13. Nf4 Bxd3 14. Nxd3 O-O 15. Na4 Nd7 16. Nac5 Nxc5 17. Nxc5 Bxc5 18. Rxc5 Qd7 19. Qe2 Ne7 20. Rfc1 Rxc5 21. Rxc5 Rc8 22. Qc2 Rxc5 23. Qxc5 f6 {½-½ Hungaski,R (2511)-Liascovich,L (2472) Buenos Aires Grafica Yael 2017 (1)}) 11... Be7 {[%emt 0:01:31] The position is equal.} 12. O-O O-O 13. Na4 Nd7 14. e4 dxe4 15. Bxe4 Na5 (15... Nf6 $11 16. Bxc6 Rxc6) 16. Qe1 (16. Qd2 $14 Nc6 17. d5 exd5 18. Bf5 (18. Bxd5 Bg6 $11) (18. Qxd5 Nf6 $14)) 16... Bg6 $2 {[%emt 0:01:09][%mdl 8192] Black cannot hold the game after this.} (16... Rxc1 $11 {and Black stays safe.} 17. Qxc1 Nf6) 17. Rxc8 $18 Qxc8 18. Qxa5 b5 19. Rc1 Qe8 20. Nc5 Nxc5 21. dxc5 Bxe4 {[%emt 0:05:28] Black is weak on the dark squares} 22. fxe4 Qa8 23. c6 Qa7+ 24. Kh1 Bc5 25. Qc7 Qxc7 26. Bxc7 Rc8 27. Bf4 Bb6 28. c7 f6 29. Rc6 Bf2 30. Rd6 {[%emt 0:00:30] Threatening mate with Rd8+.} Rxc7 31. Rd8+ {[%emt 0:00:01][%mdl 64] [#] Discovered Attack} ({Not} 31. Rxe6 Rc2 $14) 31... Kf7 32. Bxc7 Be1 33. Ra8 Ke7 34. Rxa6 {[%emt 0:00:07] Ra7 would be deadly.} Kf7 35. Ra7 {[%emt 0:00:09] [#] White wants to mate with Bd6+.} Kg6 36. Nf4+ {[%emt 0:00:17] White mates.} Kh6 37. Nxe6 Bb4 38. a4 bxa4 39. Rxa4 Be1 40. b4 Bxb4 41. Rxb4 g5 42. Rb6 Kg6 43. Nf8+ Kg7 44. Nxh7 Kxh7 45. Rxf6 Kg7 46. e5 Kh7 47. e6 Kg7 48. e7 Kxf6 49. e8=Q Kf5 50. Qe5+ Kg6 51. Bd8 Kh7 52. Qxg5 Kh8 53. Bf6+ Kh7 54. Qg7# {[%emt 0:00:12] Weighted Error Value: White=0.27 (precise) /Black=0.63} 1-0